 Dungeon Crawl Stone Soup version 0.31-a0-162-gc4c5a43528 (webtiles) character file.

Game seed: 3772573338109361174

188 qw the Chopper (level 5, 0/32 HPs)
             Began as a Gargoyle Fighter on June 12, 2023.
             Slain by an ogre
             ... wielding a +0 giant spiked club
              (7 damage)
             ... on level 4 of the Dungeon.
             The game lasted 00:01:10 (2562 turns).

qw the Chopper (Gargoyle Fighter)                   Turns: 2562, Time: 00:01:10

Health: 0/32       AC: 13    Str: 21 (22) XL:     5   Next: 67%
Magic:  5/5        EV:  7    Int:  5 (8)  God:
Gold:   186        SH:  4    Dex:  8 (9)  Spells: 4/4 levels left

rFire   . . .        Y - +1 war axe
rCold   . . .        c - +0 buckler
rNeg    + . .        l - +0 chain mail
rPois   inf          (no helmet)
rElec   +            (no cloak)
rCorr   .            (no gloves)
SInv    .            (no boots)
Will    .....        f - amulet of the acrobat Stlth
                     (no ring)
HPRegen 0.25/turn    (no ring)
MPRegen 0.09/turn

%: acrobat
@: no status effects
A: sickness immunity, AC +4, negative energy resistance 1, electricity
resistance, torment resistance 1, petrification resistance
a: no special abilities


You were on level 4 of the Dungeon.
You visited 1 branch of the dungeon, and saw 4 of its levels.

You collected 186 gold pieces.


Innate Abilities, Weirdness & Mutations

You are immune to sickness and miasma.
Your stone body is resilient. (AC +4)
You are immune to poison.
You resist negative energy. (rN+)
You are resistant to electric shocks. (rElec)
You are resistant to unholy torment.
You are immune to petrification.


   Skills:
 + Level 3.4 Fighting
 - Level 5.1 Axes
 - Level 3.2 Armour
 - Level 3.2 Shields


You had 4 spell levels left.
You didn't know any spells.
Your spell library was empty.

Inventory:

Hand Weapons
 b - a +0 flail
 Y - a +1 war axe (weapon)
Armour
 c - a +0 buckler (worn)
 l - a +0 chain mail (worn)
Jewellery
 f - an amulet of the acrobat (around neck)
 i - a ring of fire
Potions
 a - a potion of haste {unknown}
 d - a potion of might
 e - a potion of attraction
 g - a potion of lignification {unknown}
 k - a potion of heal wounds {unknown}

Dungeon Overview and Level Annotations

Branches:
Dungeon (4/15)
 Temple: D:4-7

Altars:
Fedhas
Trog
Vehumet

Annotations:
D:4 1 runed translucent door, qw's ghost, amateur GrHu


Message History

Enter note: You barely miss the hound.
The hound is almost dead.
The hound closely misses you. The hound bites you but does no damage.
You slash the hound!
You kill the hound!
Your Axes skill increases to level 5!
You start resting.
HP restored.
Done exploring.
(D) Dungeon
Where to? (* - list waypoints, Enter - D:4, ? - help)
What level of the Dungeon? (default 1, ? - help)
You climb downwards.
Level annotation: 1 runed translucent door, qw's ghost, amateur GrHu The hobgoblin shouts!
There is a stone staircase leading up here.
A hobgoblin is nearby!
You barely miss the hobgoblin.
The hobgoblin hits you but does no damage. x2
You slash the hobgoblin!
You kill the hobgoblin!
You see here a hobgoblin corpse.
An adder comes into view.
The adder hisses angrily.
You hear a shout!
An ogre comes into view. It is wielding a +0 giant spiked club.
The adder barely misses you.
You barely miss the adder. The adder bites you but does no damage.
You miss the adder. You block the adder's attack.
The adder bites you but does no damage.
You slash the adder!
You kill the adder!
You feel your dexterity returning.
You barely miss the ogre.
The ogre hits you with a +0 giant spiked club!!
Ouch! That really hurt!
You closely miss the ogre.
The ogre hits you with a +0 giant spiked club!
You die...

.##....#. .........
>#...# ##.........
..... .#.......
###...# #......#
#7.#..... ......##.
8?+...##.##.O......
#...#....@#
#..##.##.# #.<# #.#
######.%#####.#
..............#
.#.###..####..#
.....# #..#
#.####.# #.... #.#
#.##.#


You could see an ogre.

Vanquished Creatures
  A howler monkey (D:3)
  A hound (D:3)
  Ijyb (D:3)
  4 adders
  2 dart slugs
  5 ball pythons
  4 endoplasms
  4 giant cockroaches
  4 goblins
  6 hobgoblins
  2 jackals (D:3)
  5 quokkas
  5 bats
  A frilled lizard (D:2)
  7 kobolds
  5 rats
57 creatures vanquished.

Notes
Turn   | Place    | Note
-------+----------+-------------------------------------------
     0 | D:1      | qw the Gargoyle Fighter began the quest for the Orb.
     0 | D:1      | Reached XP level 1. HP: 14/14 MP: 1/1
     0 | D:1      | 0 ||| qw: Version: 0.2-a-29-gc1b59c4
     0 | D:1      | 0 ||| qw: Game counter: 4357
     0 | D:1      | 0 ||| qw: Always use a shield: true
     0 | D:1      | 0 ||| qw: God list: Okawaru
     0 | D:1      | 0 ||| qw: Allow faded altars: false
     0 | D:1      | 0 ||| qw: Do Orc after D:15 true
     0 | D:1      | 0 ||| qw: Do second Lair branch before Depths: true
     0 | D:1      | 0 ||| qw: Lair rune preference: random
     0 | D:1      | 0 ||| qw: Plans: Normal, Zot:1-4, Slime:5, God:TSO, Crypt,
                  | Tomb, Abyss, Pan, Hells, Win
     0 | D:1      | 0 ||| PLANNING D:1-11
    53 | D:1      | Reached skill level 2 in Axes
   179 | D:1      | 179 ||| Stepping ~*~*~tactically~*~*~ (stealth).
   193 | D:1      | Reached XP level 2. HP: 13/19 MP: 2/2
   372 | D:1      | 372 ||| Stepping ~*~*~tactically~*~*~ (stealth).
   374 | D:1      | 374 ||| Stepping ~*~*~tactically~*~*~ (stealth).
   376 | D:1      | 376 ||| Stepping ~*~*~tactically~*~*~ (stealth).
   392 | D:1      | 392 ||| Stepping ~*~*~tactically~*~*~ (stealth).
   647 | D:1      | 647 ||| Stepping ~*~*~tactically~*~*~ (stealth).
   649 | D:1      | 649 ||| Stepping ~*~*~tactically~*~*~ (hiding).
   651 | D:1      | 651 ||| Stepping ~*~*~tactically~*~*~ (hiding).
   655 | D:1      | 655 ||| Stepping ~*~*~tactically~*~*~ (hiding).
   660 | D:1      | Reached skill level 3 in Axes
   808 | D:1      | 808 ||| UPGRADING to +0 chain mail.
   818 | D:1      | 818 ||| DROPPING +0 scale mail.
   819 | D:1      | 819 ||| READING scroll labelled BICYGUQEGG.
   820 | D:1      | 820 ||| READING scroll labelled ANIJER AG IFF.
   821 | D:1      | 821 ||| READING scroll labelled WIGGEPSA MIEG.
   910 | D:2      | Reached XP level 3. HP: 22/23 MP: 3/3
   923 | D:2      | Found a blossoming altar of Fedhas.
   970 | D:2      | 970 ||| Stepping ~*~*~tactically~*~*~ (hiding).
   985 | D:2      | 985 ||| DROPPING +0 whip.
  1034 | D:2      | 1034 ||| Stepping ~*~*~tactically~*~*~ (stealth).
  1063 | D:2      | 1063 ||| Stepping ~*~*~tactically~*~*~ (stealth).
  1478 | D:2      | 1478 ||| Stepping ~*~*~tactically~*~*~ (stealth).
  1518 | D:2      | 1518 ||| UPGRADING to amulet of the acrobat.
  1523 | D:2      | 1523 ||| READING scroll labelled ZETACYEVAQ.
  1524 | D:2      | 1524 ||| READING scroll labelled RAOJUL GOLUOP.
  1525 | D:2      | 1525 ||| READING scroll labelled UKYFEL VOELE.
  1546 | D:3      | Reached XP level 4. HP: 28/28 MP: 4/4
  1599 | D:3      | Noticed Ijyb
  1600 | D:3      | 1600 ||| Stepping ~*~*~tactically~*~*~ (hiding).
  1610 | D:3      | Killed Ijyb
  1611 | D:3      | Reached skill level 4 in Axes
  1616 | D:3      | Reached XP level 5. HP: 17/32 MP: 5/5
  1634 | D:3      | 1634 ||| Stepping ~*~*~tactically~*~*~ (stealth).
  1635 | D:3      | 1635 ||| Stepping ~*~*~tactically~*~*~ (stealth).
  1693 | D:3      | Found a bloodstained altar of Trog.
  1942 | D:3      | 1942 ||| Stepping ~*~*~tactically~*~*~ (stealth).
  1943 | D:3      | 1943 ||| Stepping ~*~*~tactically~*~*~ (stealth).
  1944 | D:3      | 1944 ||| Stepping ~*~*~tactically~*~*~ (stealth).
  1945 | D:3      | 1945 ||| Stepping ~*~*~tactically~*~*~ (stealth).
  1978 | D:3      | Found a radiant altar of Vehumet.
  2192 | D:3      | 2192 ||| Stepping ~*~*~tactically~*~*~ (stealth).
  2461 | D:3      | 2461 ||| READING scroll labelled CAUSI KACVAPP.
  2462 | D:3      | 2462 ||| DRINKING 2 fuming pink potions.
  2463 | D:3      | 2463 ||| DRINKING 3 grey potions.
  2464 | D:3      | 2464 ||| DROPPING 2 potions of degeneration.
  2519 | D:4      | Noticed qw's ghost (amateur GrHu)
  2519 | D:4      | Found a runed translucent door.
  2523 | D:4      | 2523 ||| STAIRDANCE
  2527 | D:3      | Reached skill level 5 in Axes
  2555 | D:4      | Noticed an ogre
  2561 | D:4      | HP: 7/32 [ogre/+0 giant spiked club (25)]
  2562 | D:4      | Slain by an ogre

Levels and vault maps discovered:
D:1:      roderic_chinese_lattice_arrival, layout_loops_ring,
          hangedman_decor_lopped, minmay_indecisive_spiral
D:2:      layout_loops_ring, basic_altar
D:3:      layout_basic, nicolae_vehumet_radiance, lemuel_doored_altar,
          minmay_misc_feat_tiny, uniq_ijyb
D:4:      layout_loops_ring, serial_demonic, serial_demonic_f, serial_demonic_f,
          serial_demonic_d, serial_demonic_a, gammafunk_ghost_grave,
          minmay_box_of_dots

Skill      XL: |  1  2  3  4  5 |
---------------+----------------+-----
Axes           | 2 3 4 5 |  5.1
Fighting       | |  3.4
Armour         | |  3.2
Shields        | |  3.2

Action                     |  1- 3 |  4- 6 || total
---------------------------+-------+-------++-------
  Melee: War axe           |   117 |    53 ||   170
    Use: Scroll            |     6 |     1 ||     7
         Potion            |       |     2 ||     2
 Armour: Scale mail        |    35 |       ||    35
         Chain mail        |    25 |    36 ||    61
  Dodge: Dodged            |    53 |    33 ||    86
  Block: Buckler           |    22 |     8 ||    30

Table legend:
 A = Non-vault XP
 B = Vault XP
 C = Vault XP percentage of total XP
 D = Non-vault monster count
 E = Vault monster count
 F = Vault count percentage of total count
                 A         B        C        D         E       F
            +---------+---------+-------+---------+---------+-------
      Total |     227 |      42 |  15.6 |      52 |       5 |   8.8
            +---------+---------+-------+---------+---------+-------
        D:1 |      25 |       6 |  19.4 |      15 |       4 |  21.1
        D:2 |      48 |       0 |   0.0 |      15 |       0 |   0.0
        D:3 |     139 |      36 |  20.6 |      20 |       1 |   4.8
        D:4 |      15 |       0 |   0.0 |       2 |       0 |   0.0
            +---------+---------+-------+---------+---------+-------
